 Dungeon Crawl Stone Soup version 0.26.1-2-gb8aa6d0cf2 (webtiles) character file.

Game seed: 302852537585303443

41259 Qrupt the Impaler (level 14, -1/118 HPs)
             Began as a Merfolk Gladiator on Feb 19, 2021.
             Was the Champion of Fedhas.
             Slain by a spriggan rider
             ... wielding a +0 spear
              (16 damage)
             ... on level 5 of the Lair of Beasts.
             The game lasted 00:39:20 (22527 turns).

Qrupt the Impaler (Merfolk Gladiator)              Turns: 22527, Time: 00:39:21

Health: -1/118     AC: 10    Str: 25    XL:     14   Next: 14%
Magic:  18/18      EV: 23    Int: 11    God:    Fedhas [******]
Gold:   1237       SH:  0    Dex: 15    Spells: 13/13 levels left

rFire    + . .     SeeInvis .   I - +2 bardiche (freeze)
rCold    + + .     Faith    .   (shield currently unavailable)
rNeg     . . .     Spirit   .   P - +2 leather armour "Ybbihot" {rF+ rC+}
rPois    .         Reflect  .   O - +1 hat {Int+3}
rElec    .         Harm     .   E - +2 cloak
rCorr    .         Rampage  .   (no gloves)
Will     +....                  n - +0 pair of boots
Stlth    +.........             A - amulet of regeneration
HPRegen  0.69/turn              G - ring of protection from cold
MPRegen  0.16/turn              f - +6 ring of strength

@: no status effects
A: change form in water, swift swim, stealthy swim
a: Renounce Religion, Wall of Briars, Grow Ballistomycete, Overgrow, Grow Oklob


You were on level 5 of the Lair of Beasts.
You worshipped Fedhas.
Fedhas was exalted by your worship.
You visited 2 branches of the dungeon, and saw 16 of its levels.

You collected 1237 gold pieces.

Inventory:

Hand Weapons
 F - a +2 halberd of flaming
 I - a +2 bardiche of freezing (weapon)
Missiles
 y - 8 poisoned darts (quivered)
Armour
 b - a +0 leather armour
 c - a +0 helmet
 n - a +0 pair of boots (worn)
 x - a +1 ring mail of willpower
 E - a +2 cloak (worn)
 J - a +0 chain mail of poison resistance
 O - a +1 hat of intelligence (worn)
 P - the +2 leather armour "Ybbihot" (worn) {rF+ rC+}
   (You found it on level 8 of the Dungeon)

   It protects you from fire.
   It protects you from cold.
Jewellery
 a - an uncursed ring of stealth
 f - a +6 ring of strength (right hand)
 i - an uncursed ring of resist corrosion
 r - an uncursed ring of protection from fire
 A - an amulet of regeneration (around neck)
 G - a ring of protection from cold (left hand)
 L - an uncursed ring of see invisible
 R - an uncursed amulet of reflection
 S - an uncursed ring of ice
 W - an uncursed ring of flight
Wands
 d - a wand of flame (34)
 h - a wand of acid (13)
 t - a wand of paralysis (6)
 Q - a wand of polymorph (21)
Scrolls
 e - 4 scrolls of remove curse
 o - 6 scrolls of fog
 p - 4 scrolls of immolation
 s - 7 scrolls of enchant armour
 w - 4 scrolls of random uselessness
 C - a scroll of amnesia
 D - a scroll of holy word
 N - a scroll of blinking
 T - a scroll of vulnerability {unknown}
 V - a scroll of enchant weapon
Potions
 g - 2 potions of cancellation
 k - 2 potions of haste
 l - 2 potions of brilliance
 m - 6 potions of curing
 q - 4 potions of lignification
 u - 2 potions of invisibility
 v - a potion of ambrosia {unknown}
 z - 3 potions of attraction {unknown}
 B - a potion of flight {unknown}
 H - 3 potions of heal wounds {unknown}
 K - a potion of mutation {unknown}
 M - a potion of magic {unknown}


   Skills:
 + Level 13.3 Fighting
 + Level 16.9 Polearms
 - Level 9.0 Throwing
 - Level 4.0 Armour
 + Level 15.7 Dodging
 - Level 6.0 Invocations


You had 13 spell levels left.
You didn't know any spells.
Your spell library contained the following spells:

 Spells                   Type           Power        Failure   Level
 Animate Skeleton         Necr           0%           36%         1
 Apportation              Tloc           0%           36%         1
 Corona                   Hex            0%           36%         1
 Sandblast                Erth           0%           36%         1
 Summon Small Mammal      Summ           0%           36%         1
 Ensorcelled Hibernation  Hex/Ice        0%           52%         2
 Passwall                 Tmut/Erth      0%           52%         2
 Slow                     Hex            0%           52%         2
 Confusing Touch          Hex            0%           75%         3
 Dazzling Flash           Conj/Hex       0%           75%         3
 Inner Flame              Hex/Fire       0%           75%         3
 Portal Projectile        Hex/Tloc       0%           75%         3
 Stone Arrow              Conj/Erth      0%           75%         3
 Tukima's Dance           Hex            0%           75%         3
 Cause Fear               Hex            0%           98%         4
 Leda's Liquefaction      Hex/Erth       0%           98%         4
 Petrify                  Tmut/Erth      0%           98%         4
 Lee's Rapid Deconstruct  Erth           0%           100%        5


Dungeon Overview and Level Annotations

Branches:
Dungeon (11/15)            Temple (0/1) D:4            Lair (5/6) D:8
  Swamp (0/4) Lair:2       Spider (0/4) Lair:3
  Slime: Lair:5-6       Orc: D:9-12

Altars:
Dithmenos
Fedhas
Hepliaklqana
Kikubaaqudgha
Nemelex Xobeh
Qazlal
Ru
Wu Jian
The Shining One

Shops:
D:10 :

Annotations:
D:11 Urug


Message History

The spriggan rider is lightly wounded.
You feel sick.
The spriggan rider hits you with a +0 spear!
The spriggan rider barely misses you.
You slash the spriggan rider! You freeze the spriggan rider.
The spriggan rider is moderately wounded.
You feel sick.
The spriggan rider hits you with a +0 spear.
The spriggan rider hits you with a +0 spear!
* * * LOW HITPOINT WARNING * * *
The spriggan rider blocks your attack.
The spriggan rider is moderately wounded.
You feel sick.
The spriggan rider hits you with a +0 spear!!
* * * LOW HITPOINT WARNING * * *
The spriggan rider barely misses you.
You feel better.
The spriggan rider hits you with a +0 spear!
You die...
Fedhas appreciates your contribution to the ecosystem.

##...........#
#.....P......#
##..#..P#....#
#.........(..#
##.........^.#
##...........#♣♣♣♣♣
#..#...#..........♣♣
#..................♣♣♣ ♣♣♣
#.......i@...#♣♣♣♣♣..♣♣♣..
##...........# ♣♣♣...)♣
#............### ♣♣♣♣♣♣
#....#.....#...##
#................#####
#.....##.............#####
#......##......##†.......#
##........................
##.P....#.......†##.......


You could see a spriggan rider (fast).

Vanquished Creatures
  Gastronok (Lair:2)
  Nessos (Lair:5)
  Fannar (Lair:2)
  4 hydras
  3 two-headed ogres
  An unseen horror (D:10)
  The ghost of Groucho the Covert, a novice SpEn (D:7)
  A centaur zombie (D:10)
  Maurice (D:9)
  4 elephants
  3 black mambas
  8 cane toads
  The ghost of Groucho the Covert, a novice SpEn (D:6)
  6 komodo dragons
  3 rime drakes
  2 trolls
  A polar bear (Lair:3)
  2 hornets
  A slime creature (Lair:4)
  7 blink frogs
  Sigmund (D:2)
  9 spriggans (Lair:5)
  7 wyverns
  A redback (Lair:3)
  44 yaks
  A wraith (D:10)
  5 basilisks
  A steam dragon (Lair:5)
  An acid dragon (D:11)
  6 vampire mosquitoes (Lair:2)
  23 water moccasins
  5 ice beasts
  7 orc warriors
  4 phantoms
  2 black bears (D:9)
  4 sky beasts
  3 boggarts (Lair:5)
  A necrophage (D:6)
  7 ogres
  13 wolves
  6 centaurs
  A big kobold (D:9)
  24 bullfrogs
  A wyvern zombie (D:10)
  A scorpion (D:7)
  A water moccasin skeleton (D:8)
  10 killer bees
  12 wights
  An electric eel (Lair:2)
  4 jellies
  A quasit (D:8)
  4 hounds
  2 centaur skeletons
  5 orc priests
  10 orc wizards
  A gnoll shaman (D:5)
  Ijyb (D:3)
  Natasha (thrice) (D:2)
  4 iguanas
  6 worker ants
  Terence (D:3)
  A hound zombie (D:7)
  A hound skeleton (D:4)
  Robin (D:2)
  A howler monkey skeleton (D:6)
  A worker ant zombie (D:5)
  11 gnolls
  7 adders
  A shadow imp (D:9)
  2 white imps
  2 ufetubi
  13 oozes
  An adder zombie (D:8)
  A worm (D:6)
  3 dart slugs (D:1)
  4 leopard geckos
  36 orcs
  9 ball pythons
  7 bats
  7 giant cockroaches
  14 goblins
  7 hobgoblins
  6 jackals
  4 quokkas
  4 frilled lizards
  A jackal skeleton (D:3)
  5 kobolds
  2 quokka skeletons
  10 rats
458 creatures vanquished.

Vanquished Creatures (others)
  34 fungi
  56 plants
90 creatures vanquished.

Grand Total: 548 creatures vanquished

Notes
Turn   | Place    | Note
-------+----------+-------------------------------------------
     0 | D:1      | Qrupt the Merfolk Gladiator began the quest for the Orb.
     0 | D:1      | Reached XP level 1. HP: 16/16 MP: 1/1
   155 | D:1      | Reached XP level 2. HP: 23/23 MP: 2/2
   694 | D:1      | Reached XP level 3. HP: 28/28 MP: 3/3
  1439 | D:2      | Reached skill level 5 in Polearms
  1443 | D:2      | Noticed Robin
  1457 | D:2      | Killed Robin
  1630 | D:2      | Reached XP level 4. HP: 34/34 MP: 4/4
  2228 | D:2      | Found a glowing golden altar of the Shining One.
  2335 | D:2      | Noticed Sigmund
  2348 | D:2      | Killed Sigmund
  2349 | D:2      | Reached skill level 6 in Polearms
  2349 | D:2      | Reached skill level 5 in Dodging
  2349 | D:2      | Reached XP level 5. HP: 26/42 MP: 5/5
  2349 | D:2      | Reached XP level 6. HP: 30/48 MP: 6/6
  2502 | D:2      | Noticed Natasha
  2515 | D:2      | Killed Natasha
  2812 | D:2      | Found a faded altar of an unknown god.
  3018 | D:2      | Noticed Natasha
  3022 | D:2      | Killed Natasha
  3062 | D:2      | Noticed Natasha
  3072 | D:2      | Killed Natasha
  3331 | D:3      | Found a blossoming altar of Fedhas.
  3414 | D:3      | Became a worshipper of Fedhas Madash
  3936 | D:3      | Noticed Terence
  3949 | D:3      | Killed Terence
  4130 | D:3      | Reached XP level 7. HP: 22/55 MP: 7/7
  4522 | D:3      | Noticed Ijyb
  4542 | D:3      | Killed Ijyb
  5041 | D:4      | Reached skill level 7 in Polearms
  5080 | D:4      | Found a staircase to the Ecumenical Temple.
  5106 | D:4      | Reached * piety under Fedhas
  5719 | D:5      | Entered Level 5 of the Dungeon
  5877 | D:5      | Reached skill level 5 in Fighting
  6147 | D:5      | Reached XP level 8. HP: 62/62 MP: 8/8
  6699 | D:6      | Reached skill level 8 in Polearms
  6699 | D:6      | Reached skill level 5 in Throwing
  6699 | D:6      | Reached skill level 1 in Armour
  6892 | D:6      | Found a runed translucent door.
  7066 | D:6      | Noticed a shadow
  7067 | D:6      | Found a shadowy altar of Dithmenos.
  7068 | D:6      | Found a hazy altar of Hepliaklqana.
  7270 | D:6      | Noticed Groucho's ghost (novice SpEn)
  7306 | D:6      | Reached ** piety under Fedhas
  7328 | D:6      | Reached XP level 9. HP: 68/69 MP: 9/9
  7338 | D:6      | Reached skill level 9 in Polearms
  7682 | D:6      | Found a sparkling altar of Nemelex Xobeh.
  7877 | D:6      | Killed Groucho's ghost
  8535 | D:7      | Found a transporter.
  8543 | D:7      | Noticed Groucho's ghost (novice SpEn)
  8622 | D:7      | Found a transporter.
  8661 | D:7      | Found a sacrificial altar of Ru.
  8669 | D:7      | Found an ornate altar of the Wu Jian Council.
  8862 | D:7      | Killed Groucho's ghost
  8863 | D:7      | Reached skill level 10 in Polearms
  8863 | D:7      | Reached XP level 10. HP: 78/79 MP: 10/10
  9278 | D:8      | Reached skill level 10 in Dodging
  9314 | D:8      | Found a staircase to the Lair.
  9317 | D:8      | Reached *** piety under Fedhas
  9338 | D:8      | Reached skill level 11 in Polearms
  9644 | D:8      | Got a polished leather armour
  9655 | D:8      | Identified the +2 leather armour "Ybbihot" {rF+ rC+} (You
                  | found it on level 8 of the Dungeon)
 10272 | D:8      | Noticed a two-headed ogre
 10928 | D:8      | Killed a two-headed ogre
 10929 | D:8      | Reached XP level 11. HP: 80/87 MP: 11/11
 11647 | D:9      | Noticed Maurice
 11657 | D:9      | Paralysed by a hornet for 2 turns
 11666 | D:9      | Reached skill level 12 in Polearms
 11689 | D:9      | Killed Maurice
 11767 | D:9      | Noticed a two-headed ogre
 12185 | D:9      | Found a stormy altar of Qazlal.
 12370 | D:9      | Found an ancient bone altar of Kikubaaqudgha.
 12738 | D:9      | Killed a two-headed ogre
 12896 | D:10     | Entered Level 10 of the Dungeon
 12921 | D:10     | Found Lieth's Book Boutique.
 12924 | D:10     | Noticed a two-headed ogre
 12931 | D:10     | Killed a two-headed ogre
 13196 | D:10     | Reached **** piety under Fedhas
 13287 | D:10     | Reached skill level 10 in Fighting
 13291 | D:10     | Reached skill level 13 in Polearms
 13665 | D:10     | Killed an unseen horror
 13906 | D:10     | Reached XP level 12. HP: 91/97 MP: 12/12
 15349 | D:11     | Noticed Urug
 15675 | Lair:1   | Entered Level 1 of the Lair of Beasts
 15868 | D:8      | Reached skill level 14 in Polearms
 16034 | Lair:1   | Noticed a four-headed hydra
 16049 | Lair:1   | Noticed a four-headed hydra
 16049 | Lair:1   | Killed a ten-headed hydra
 16670 | D:8      | Killed a one-headed hydra
 16670 | D:8      | Reached ***** piety under Fedhas
 17648 | Lair:1   | Reached skill level 15 in Polearms
 17721 | Lair:1   | Found the +3 hat of Pondering {ponderous, Will+ MP+10
                  | Int+5}
 18472 | Lair:2   | Noticed an eight-headed hydra
 18694 | Lair:2   | Reached skill level 1 in Invocations
 18694 | Lair:2   | Reached XP level 13. HP: 107/107 MP: 13/13
 18775 | Lair:2   | Noticed Gastronok
 18789 | Lair:2   | Killed Gastronok
 19076 | Lair:2   | Noticed Fannar
 19090 | Lair:2   | Killed Fannar
 19225 | Lair:2   | Found a staircase to the Swamp.
 19789 | Lair:3   | Found a hole to the Spider Nest.
 19970 | Lair:3   | Reached skill level 16 in Polearms
 20815 | Lair:4   | Reached skill level 15 in Dodging
 21085 | Lair:4   | Reached skill level 5 in Invocations
 21643 | Lair:5   | Noticed Nessos
 21767 | Lair:5   | Killed Nessos
 21903 | Lair:5   | Reached XP level 14. HP: 92/118 MP: 18/18
 22049 | Lair:5   | Reached ****** piety under Fedhas
 22526 | Lair:5   | HP: 5/118 [spriggan rider/+0 spear (19)]
 22527 | Lair:5   | Slain by a spriggan rider

Illustrated notes

Levels and vault maps discovered:
D:1:      ncdulo_lavacross, layout_loops_corners
D:2:      kennysheep_big_flooded_room, layout_loops_corners, old_standard_altar,
          chequers_ecumenical_altar_lobes, uniq_robin, uniq_natasha,
          uniq_sigmund
D:3:      minmay_general_purpose_star, layout_loops_ring, serial_bayou_lagoon_a,
          hex_large, fedhas_altar_3, uniq_ijyb, uniq_terence
D:4:      layout_loops_ring, minmay_temple_entry_sparse_star
D:5:      layout_loops_ring, st_stairs_12, chequers_serial_rivers_room_a
D:6:      minmay_clustersquares, layout_basic,
          riverfiend_overflow_shadow_ancestor, nemelex_altar_shiori,
          ebering_ghost_sewer_d
D:7:      layout_rooms, amethyst_overflow_temple_binary, gammafunk_ghost_arena,
          minmay_bent
D:8:      layout_loops_ring, minmay_lair_entry_grove
D:9:      minmay_recursive_quarters, layout_cave_pools, general_overflow_altar,
          kennysheep_mini_moat, roderic_lattice_a, uniq_maurice
D:10:     layout_basic, serial_shops, shop
D:11:     layout_cave_pools, minmay_st_funbox, uniq_urug
Lair:1:   layout_regular_city, infiniplex_staircase_pool
Lair:2:   layout_cave_pods, minmay_swamp_entry_swarm, uniq_fannar,
          uniq_gastronok
Lair:3:   layout_loops_ring, spider_nest_entry_a, st_stairs_5, nzn_random_ring
Lair:4:   lemuel_slime, layout_hall_layers
Lair:5:   kb_forest_paths, layout_long_grid, uniq_nessos

Skill      XL: |  1  2  3  4  5  6  7  8  9 10 11 12 13 14 |
---------------+-------------------------------------------+-----
Polearms       | 5 6 7 8 10 11 13 15 16 | 16.9
Fighting       | 3 4 5 6 7 8 10 11 13 | 13.3
Throwing       | 3 4 5 6 8 9 |  9.0
Dodging        | 5 6 8 9 10 12 14 15 | 15.7
Armour         | 2 3 4 |  4.0
Invocations    | 1 5 6 |  6.0

Action                   |  1- 3 |  4- 6 |  7- 9 | 10-12 | 13-15 || total
-------------------------+-------+-------+-------+-------+-------++-------
Melee: Trident           |   121 |   220 |   223 |       |       ||   564
       Halberd           |       |       |   178 |   558 |    12 ||   748
       Bardiche          |       |       |       |   146 |   352 ||   498
Throw: Throwing net      |       |     3 |       |       |       ||     3
       Dart              |       |       |       |    19 |     9 ||    28
Evoke: Wand              |       |       |     6 |       |     7 ||    13
  Use: Scroll            |       |       |    11 |    12 |     5 ||    28
       Potion            |       |       |       |     5 |     3 ||     8
 Stab: Sleeping          |     1 |       |       |       |     1 ||     2
       Held in net/web   |       |     3 |       |       |       ||     3
       Paralysed         |       |       |       |       |     2 ||     2
Armor: Leather armour    |    17 |    39 |     4 |   142 |    48 ||   250
       Ring mail         |       |       |    78 |    25 |       ||   103
       Skin              |       |       |       |     7 |       ||     7
Dodge: Dodged            |    67 |   141 |   200 |   670 |   355 ||  1433
